[ AOE2 MATCH · #479835591 ]
UnrankedLithuanians vs Malians
[ REPLAY ANALYSIS · EXTRACTED FROM THE RECORDED GAME ]
Feudal
—
Castle
—
Imperial
—
| APM avg | 35.6 |
| APM peak | 79 |
| eAPM avg | 6.8 |
| Villagers / military | 6 / 0 |
Focus
⚔️ 0.0% · 🌾 100.0%
Feudal
—
Castle
—
Imperial
—
| APM avg | 23.3 |
| APM peak | 27 |
| eAPM avg | 1.3 |
| Villagers / military | 0 / 0 |
Focus
⚔️ 0.0% · 🌾 100.0%
Feudal
—
Castle
—
Imperial
—
| APM avg | 13.6 |
| APM peak | 27 |
| eAPM avg | 7.0 |
| Villagers / military | 4 / 0 |
Focus
⚔️ 0.0% · 🌾 100.0%
Feudal
—
Castle
—
Imperial
—
| APM avg | 24.0 |
| APM peak | 41 |
| eAPM avg | 4.8 |
| Villagers / military | 6 / 0 |
Focus
⚔️ 0.0% · 🌾 100.0%
Feudal
—
Castle
—
Imperial
—
| APM avg | 6.6 |
| APM peak | 14 |
| eAPM avg | 4.2 |
| Villagers / military | 8 / 0 |
Focus
⚔️ 0.0% · 🌾 100.0%
Feudal
—
Castle
—
Imperial
—
| APM avg | 12.1 |
| APM peak | 26 |
| eAPM avg | 4.0 |
| Villagers / military | 3 / 0 |
Focus
⚔️ 0.0% · 🌾 100.0%
Feudal
—
Castle
—
Imperial
—
| APM avg | 14.3 |
| APM peak | 34 |
| eAPM avg | 6.4 |
| Villagers / military | 4 / 0 |
Focus
⚔️ 0.0% · 🌾 100.0%
Feudal
—
Castle
—
Imperial
—
| APM avg | 1.7 |
| APM peak | 9 |
| eAPM avg | 1.7 |
| Villagers / military | 0 / 0 |
Match map
Initial resources + every placement click. Lines = walls · curves = elevation contours. ◆ gold · ⬟ stone · ● berries · ✦ relic · ◌ wall gap
Your base
ageofscarlet's base
mhames40's base
LeVieuxMachin's base
Garloc's base
ThomazJL's base
Volmouth's base
AllVeeck's base
Smoothed initial terrain · ◌ = detected wall gap · hover for details
Inputs per minute
— gazza17 - - ageofscarlet
Build order — gazza17
9 actions detected in the replay
| 0:37 | Build | Town Center |
| 3:16 | Build | House |
| 3:22 | Create | Villager (Male) |
| 3:22 | Create | Villager (Male) |
| 3:23 | Create | Villager (Male) |
| 3:23 | Create | Villager (Male) |
| 3:23 | Create | Villager (Male) |
| 3:24 | Create | Villager (Male) |
| 5:09 | Build | Lumber Camp |
Build order — ageofscarlet
1 actions detected in the replay
| 4:09 | Build | Town Center |
Build order — mhames40
9 actions detected in the replay
| 2:17 | Build | Town Center |
| 2:46 | Build | House |
| 2:50 | Build | House |
| 2:52 | Build | House |
| 2:54 | Build | House |
| 4:53 | Create | Villager (Male) |
| 4:53 | Create | Villager (Male) |
| 4:53 | Create | Villager (Male) |
| 4:54 | Create | Villager (Male) |
Build order — LeVieuxMachin
10 actions detected in the replay
| 0:37 | Build | Town Center |
| 1:58 | Build | House |
| 2:45 | Create | Villager (Male) |
| 2:45 | Create | Villager (Male) |
| 2:46 | Create | Villager (Male) |
| 3:08 | Create | Villager (Male) |
| 3:08 | Create | Villager (Male) |
| 3:40 | Create | Villager (Male) |
| 3:56 | Research | Loom |
| 4:19 | Build | House |
Build order — Garloc
7 actions detected in the replay
| 0:19 | Build | Town Center |
| 2:42 | Create | Villager (Male) ×4 |
| 3:07 | Research | Loom |
| 4:03 | Create | Villager (Male) |
| 4:04 | Create | Villager (Male) |
| 4:32 | Create | Villager (Male) |
| 4:45 | Create | Villager (Male) |
Build order — ThomazJL
6 actions detected in the replay
| 1:37 | Build | Town Center |
| 3:45 | Build | House |
| 3:49 | Create | Villager (Male) |
| 3:50 | Create | Villager (Male) |
| 4:47 | Research | Loom |
| 4:48 | Create | Villager (Male) |
Build order — Volmouth
7 actions detected in the replay
| 2:02 | Build | Town Center |
| 4:39 | Create | Villager (Male) |
| 4:39 | Create | Villager (Male) |
| 4:39 | Create | Villager (Male) |
| 4:40 | Create | Villager (Male) |
| 4:46 | Build | House |
| 5:02 | Build | House |
Build order — AllVeeck
0 actions detected in the replay
Match timeline
| 0:01 | AllVeeck · resign |
[ AI ANALYSIS · 1 CREDIT ]
What really happened in this match?
Wolo.gg analyzes every decision: build order, eco, micro, common mistakes by bracket. Personalized analysis on WhatsApp or Discord in 30 seconds.
Civ guide
Lithuanians
Perfil
Jugador #971663